 Dungeon Crawl Stone Soup version 0.18-a0-455-gc7d4c65 (webtiles) character file.

83 Korkiloff the Grasshopper (level 4, 0/40 HPs)
             Began as a Naga Warper on Dec 1, 2015.
             Succumbed to an adder's poison
             ... on level 2 of the Dungeon.
             The game lasted 00:14:46 (2123 turns).

Korkiloff the Grasshopper (Naga Warper)             Turns: 2123, Time: 00:14:46

Health: 0/40       AC:  4    Str: 13    XL:     4   Next: 44%
Magic:  7/7        EV:  9    Int: 20    God:
Gold:   37         SH:  0    Dex: 10    Spells: 1 memorised, 5 levels left

rFire  + . .     SeeInvis +     a - +0 falchion
rCold  . . .     Clarity  .     b - +1 leather armour
rNeg   . . .     SustAt   .     (no shield)
rPois  +         Gourm    .     (no helmet)
rElec  .         Spirit   .     (no cloak)
rCorr  .         Dsmss    .     (no gloves)
rMut   .         Rnd*Tele +     (no barding)
MR     +....                    (no amulet)
Stlth  +.........               (no ring)
                                (no ring)

@: brilliant, lethally poisoned (0 -> -6), very slow, somewhat resistant to
hostile enchantments, very unstealthy
A: see invisible, deformed body, fire resistance 1, magic resistance 1, poison
resistance, slowness 2, slow metabolism 1, spit poison 2, teleportitis 1, AC +1
a: Spit Poison


You were on level 2 of the Dungeon.
You were hungry.

You visited 1 branch of the dungeon, and saw 2 of its levels.

You collected 37 gold pieces.

Inventory:

Hand Weapons
 a - a +0 falchion (weapon)
 t - a +0 hunting sling
 v - a +0 spear
 x - a +0 falchion
Missiles
 e - 4 tomahawks of dispersal (quivered)
 g - 24 stones
 j - 24 arrows
 k - 7 curare-tipped needles
Armour
 b - a +1 leather armour (worn)
 o - a +0 robe
 y - a +0 animal skin
 z - a +0 helmet
 A - a +0 leather armour
Jewellery
 s - a cursed -2 ring of evasion {unknown}
Wands
 q - a wand of slowing (34)
Scrolls
 d - a scroll of blinking
 h - 4 scrolls of teleportation {unknown}
 l - 2 scrolls of enchant weapon {unknown}
Potions
 m - 2 potions of haste
Books
 c - a book of Spatial Translocations

   Spells                             Type                      Level
   a - Apportation                    Translocation                1
   b - Blink                          Translocation                2
   c - Shroud of Golubria             Charms/Translocation         2
   d - Portal Projectile              Translocation                3
   e - Teleport Other                 Translocation                3
   f - Passage of Golubria            Translocation                4
Comestibles
 f - 3 bread rations


   Skills:
 + Level 2.3 Fighting
 + Level 2.4 Long Blades
 + Level 1.1 Throwing
 + Level 1.4 Armour
 + Level 2.3 Dodging
 + Level 2.0 Spellcasting
 + Level 3.7 Translocations


You had 5 spell levels left.
You knew the following spells:

 Your Spells              Type           Power        Failure   Level  Hunger
b - Blink                 Tloc           N/A          1%          2    ##.....


Dungeon Overview and Level Annotations

Branches:
Dungeon (2/15)

Altars:
Trog


Innate Abilities, Weirdness & Mutations

You cannot wear boots.
Your serpentine skin is tough (AC +1).
You have supernaturally acute eyesight.
Armour fits poorly on your strangely shaped body.
Your system is resistant to poisons.
You cover ground very slowly.
You have a slow metabolism.
You can spit poison.
Your flesh is heat resistant.
You are resistant to hostile enchantments.
You are occasionally teleported to nearby monsters.


Message History

You feel sick.
Read which item? (? for menu, Esc to quit)
As you read the scroll labeled FEANOELADO, it crumbles to dust.
It is a scroll of enchant armour.
Enchant which item? (? for menu, Esc to quit)
Your +0 leather armour glows green for a moment.
* * * LOW HITPOINT WARNING * * *
You feel sick.
You are not religious.
Unknown command.
Read which item? (? for menu, Esc to quit)
As you read the scroll labeled ONLAMIMEDD, it crumbles to dust.
It is a scroll of recharging.
Charge which item? (? for menu, Esc to quit)
Your wand of slowing {zapped: 6} glows for a moment.
Read which item? (? for menu, Esc to quit)
As you read the scroll labeled OVIDWA QAPNEMI, it crumbles to dust.
Forget which spell ([?*] list [ESC] exit)?
Your memory of Apportation unravels.
It was a scroll of amnesia.
You die...

#...#......
########...'......
#.....####.#......
#.###.####.#......
#.#........+......
#.#.#..###.#......
#.#.#..# #.#......
####.#.#..###.#####..
#...@#.#.........####
#†####.#.#####...####
#.####'#>....+...'...
#.##........##...####
#.##...<....##...####
#..+........##...#...
####........##...#.##
#........##...#...
#........##...####


There were no monsters in sight!

Vanquished Creatures
  Robin (D:2)
  An adder (D:2)
  An ooze (D:2)
  A worm (D:2)
  3 giant geckos (D:1)
  2 giant cockroaches
  9 hobgoblins
  5 jackals (D:2)
  6 bats
  A giant newt (D:2)
  17 goblins
  2 kobolds (D:1)
  3 rats
  A plant (D:1)
53 creatures vanquished.

Vanquished Creatures (others)
  4 toadstools (D:1)
4 creatures vanquished.

Grand Total: 57 creatures vanquished

Notes
Turn   | Place    | Note
--------------------------------------------------------------
     0 | D:1      | Korkiloff the Naga Warper began the quest for the Orb.
     0 | D:1      | Reached XP level 1. HP: 19/19 MP: 3/3
    14 | D:1      | Reached skill level 1 in Throwing
   166 | D:1      | Reached XP level 2. HP: 26/26 MP: 5/5
   212 | D:1      | Learned a level 2 spell: Blink
   519 | D:1      | Reached skill level 1 in Armour
   758 | D:2      | Reached XP level 3. HP: 30/32 MP: 6/6
   823 | D:2      | Found a bloodstained altar of Trog.
  1241 | D:2      | Noticed Robin
  1812 | D:1      | Reached XP level 4. HP: 39/39 MP: 7/7
  1839 | D:2      | Killed Robin
  2113 | D:2      | Gained mutation: You are occasionally teleported to nearby monsters. [potion of mutation]
  2113 | D:2      | Gained mutation: You are resistant to hostile enchantments. [potion of mutation]
  2113 | D:2      | Gained mutation: Your flesh is heat resistant. [potion of mutation]
  2119 | D:2      | HP: 2/40 [poisoned by an adder]
  2123 | D:2      | Succumbed to an adder's poison

Vault maps used:
D:1:      ldierk_walled_garden_2, minmay_misc_feat_alley, nrook_mini_vaults,
          serial_bayou_pond_c
D:2:      lightli_temple_of_fire, first_bread, uniq_robin

Action                   |  1- 3 |  4- 6 || total
-------------------------+-------+-------++-------
Melee: Falchion          |   141 |    41 ||   182
 Fire: Hunting sling     |     8 |     1 ||     9
Throw: Tomahawk          |       |     1 ||     1
 Cast: Blink             |     1 |       ||     1
 Abil: Spit Poison       |    28 |     6 ||    34
  Use: Potion            |     1 |     2 ||     3
       Scroll            |       |     3 ||     3
  Eat: Chunk             |     3 |       ||     3
       Beef jerky        |       |     1 ||     1
